 Dungeon Crawl Stone Soup version 0.30-a0-42-g806c11bf1d (webtiles) character file.

Game seed: 2385581898975401462

395 kae the Firebug (level 6, -4/45 HPs)
             Began as a Demigod Fire Elementalist on Aug 30, 2022.
             Slain by Dowan
             ... wielding a +0 dagger
              (5 damage)
             ... on level 4 of the Dungeon.
             The game lasted 00:03:08 (4096 turns).

kae the Firebug (Demigod Fire Elementalist)         Turns: 4096, Time: 00:03:08

Health: -4/45      AC:  2    Str:  9    XL:     6   Next: 26%
Magic:  6/13       EV: 12    Int: 25    God:
Gold:   137        SH:  0    Dex: 14    Spells: 2/11 levels left

rFire   . . .      SeeInvis .    o - +2 short sword (venom)
rCold   . . .      Faith    .    (no shield)
rNeg    . . .      Spirit   .    a - +0 robe
rPois   .          Reflect  .    (no helmet)
rElec   .          Harm     .    (no cloak)
rCorr   .          Rampage  .    (no gloves)
Will    .....                    (no boots)
Stlth   ++........               (no amulet)
HPRegen 0.15/turn                (no ring)
MPRegen 0.13/turn                (no ring)

@: no status effects
A: high MP 1, forlorn, divine attributes
a: no special abilities


You were on level 4 of the Dungeon.
You visited 1 branch of the dungeon, and saw 4 of its levels.

You collected 137 gold pieces.


Innate Abilities, Weirdness & Mutations

You have an increased reservoir of magic. (+10% MP)
You shall have no god before yourself.
Your divine heritage dramatically boosts your attributes as you level up.


   Skills:
 - Level 1.7 Dodging
 - Level 1.7 Stealth
 + Level 3.0 Spellcasting
 * Level 3.9 Conjurations
 * Level 4.6 Fire Magic


You had 2 spell levels left.
You knew the following spells:

 Your Spells              Type           Power      Damage    Failure   Level
a - Foxfire               Conj/Fire      100%       2x1d9     1%          1
b - Scorch                Fire           54%        2d8       2%          2
c - Conjure Flame         Conj/Fire      25%        6-21      5%          3
d - Inner Flame           Hex/Fire       15%        N/A       12%         3

Your spell library contained the following spells:

 Spells                   Type           Power      Damage    Failure   Level
 Flame Wave               Conj/Fire      25%        2d8       17%         4
 Summon Guardian Golem    Hex/Summ       3%         N/A       30%         3
 Orb of Destruction       Conj           11%        9d6       100%        7
 Spellforged Servitor     Conj/Summ      6%         N/A       100%        7

Inventory:

Hand Weapons
 j - a +0 mace
   (You found it on level 1 of the Dungeon)
 o - a +2 short sword of venom (weapon)
   (You took it off Terence on level 2 of the Dungeon)
Missiles
 c - 15 poisoned darts
 g - 28 stones
 l - 3 javelins
Armour
 a - a +0 robe (worn)
 h - an orb of mayhem
   (You took it off a hobgoblin on level 1 of the Dungeon)
Magical Staves
 e - a staff of cold {!a}
   (You found it on level 2 of the Dungeon)
Wands
 f - a wand of polymorph (9)
   (You took it off Terence on level 2 of the Dungeon)
Scrolls
 s - a scroll of blinking {!r}
 t - a scroll of poison {unknown}
Potions
 b - a potion of magic
 d - 2 potions of mutation {!q}
 i - 3 potions of invisibility
 k - a potion of heal wounds {@q2}
 m - a potion of attraction {unknown}
 n - a potion of curing {unknown}
 p - a potion of degeneration {unknown}
 q - 2 potions of resistance
 r - a potion of lignification {unknown}

Dungeon Overview and Level Annotations

Branches:
Dungeon (4/15) Zot: 19901
 Temple: D:4-7

Shops:
D:1 !

Annotations:
D:3 3 runed translucent doors, Flippered's ghost, amateur HOFi
D:4 Dowan

########### #.........#
#######.........#
#...............# #####
#...............# .....
####.....).........# .....
#.......[@.........####
...e.###.......†e....####....#
....e+.....................>.#
.....##..........##....##.#..##
.....##..........#####....#...#
..†..............# #..###...#
.................# #..##....#
.................# #..##..#.###
.................#####.))..[#.#..


You could see Dowan (fast, combustible).


Message History

Your experience leads to a dramatic increase in your attributes!
Increase (S)trength, (I)ntelligence, or (D)exterity?
You feel clever. x4 😨 HP[+3] MP[-1]
You now have 45 max hp (+7).
You regained 3 hp, and now have 19/45 hp.
Okay, then.
Casting: Foxfire (safe; 1% risk of failure)
Confirm with . or Enter, or press ? or * to list all spells.
You conjure some foxfire!
Dowan hits you but does no damage.
Dowan mumbles some strange words.
Dowan blinks! 😨 MP[-1]
You lost 1 mp, and now have 3/13 mp.
The foxfire hits Dowan. x2
Dowan casts a spell.
Dowan blinks!
You climb upwards.
Level annotation: 3 runed translucent doors, Flippered's ghost, amateur HOFi
There is a stone staircase leading down here. 😨 HP[+1]
You start resting. 😮 HP[+8] MP[+8]
You regained 8 hp, and now have 28/45 hp.
You regained 8 mp, and now have 11/13 mp.
You start resting. 😮 HP[+2] MP[+2]
You regained 2 hp, and now have 30/45 hp.
Your mp is fully restored (13).
There is an open door here.
Flippered's ghost turns its malevolent gaze towards you. 😎 HP[+15]
Your hp is fully restored (45).
You start waiting.
Flippered's ghost says, "Nobody wants to follow a dead messiah!"
Flippered's ghost whispers, "Soon you will have time, lots of time..."
Flippered's ghost shouts, "Do you think the gods will protect you?"
Done waiting.
(D) Dungeon
Where to? (Enter - D:4, ? - help) Flippered's ghost ripples.
There is an open door here.
There is a stone staircase leading down here.
You climb downwards.
Level annotation: Dowan
There is a stone staircase leading up, spattered with blood here.
An iguana is nearby!
Unknown command.
Casting: Foxfire (safe; 1% risk of failure)
Confirm with . or Enter, or press ? or * to list all spells.
You conjure some foxfire!
The iguana hisses angrily.
The foxfire hits the iguana. x2 😎 MP[-1]
You lost 1 mp, and now have 12/13 mp.
Casting: Foxfire (safe; 1% risk of failure)
Confirm with . or Enter, or press ? or * to list all spells.
Flames lash the iguana.
The iguana's fire resistance burns away. 😎 MP[-2]
You lost 2 mp, and now have 10/13 mp.
Casting: Scorch (safe; 2% risk of failure)
Confirm with . or Enter, or press ? or * to list all spells.
You conjure some foxfire!
Dowan gestures wildly while chanting.
Dowan blinks!
The iguana bites you!
The foxfire hits the iguana but does no damage.
The foxfire hits the iguana.
The iguana is burned terribly!
You kill the iguana! 😮 HP[-12] MP[-1]
You take 12 damage, and now have 33/45 hp.
MASSIVE DAMAGE!! (PAUSE)
You lost 1 mp, and now have 9/13 mp.
Casting: Foxfire (safe; 1% risk of failure)
Confirm with . or Enter, or press ? or * to list all spells.
You conjure some foxfire!
The foxfire hits Dowan! x2 😕 HP[+1]
Casting: Foxfire (safe; 1% risk of failure)
Confirm with . or Enter, or press ? or * to list all spells.
You conjure some foxfire!
The foxfire hits Dowan but does no damage.
The foxfire hits Dowan.
Dowan casts a spell at you. The stone arrow hits you!
* * * LOW HITPOINT WARNING * * *
😨 HP[-14] MP[-1]
You take 14 damage, and now have 20/45 hp.
MASSIVE DAMAGE!! (PAUSE)
You lost 1 mp, and now have 8/13 mp.
Casting: Foxfire (safe; 1% risk of failure)
Confirm with . or Enter, or press ? or * to list all spells.
Flames lash Dowan.
Dowan's fire resistance burns away.
Dowan points at you and mumbles some strange words.
The stone arrow hits you!
* * * LOW HITPOINT WARNING * * *
Dowan hits you with a +0 dagger.
* * * LOW HITPOINT WARNING * * *
Dowan hits you with a +0 dagger.
You die...

Skill      XL: |  1  2  3  4  5 |
---------------+----------------+-----
Conjurations   | 1 2 3 |  3.9
Fire Magic     | 3 4 |  4.6
Spellcasting   | 2 3 |  3.0
Dodging        | |  1.7
Stealth        | |  1.7

Action                   |  1- 3 |  4- 6 || total
-------------------------+-------+-------++-------
Melee: Mace              |     1 |       ||     1
       Short sword       |       |     2 ||     2
 Cast: Foxfire           |    63 |    84 ||   147
       Scorch            |     3 |    20 ||    23
  Use: Scroll            |     7 |     2 ||     9
Armor: Robe              |     5 |    12 ||    17
Dodge: Dodged            |    13 |    36 ||    49

Levels and vault maps discovered:
D:1:      minmay_arrival_four_circles, layout_rooms,
          ebering_ecumenical_altar_abandoned, serial_shops, shop,
          nicolae_grassy_gnolls
D:2:      layout_rooms, uniq_terence
D:3:      layout_basic, ebering_ghost_rock_garden, minmay_misc_feat_room,
          uniq_jessica
D:4:      layout_basic, kennysheep_potato, uniq_duvessa

Notes
Turn   | Place    | Note
-------+----------+-------------------------------------------
     0 | D:1      | kae the Demigod Fire Elementalist began the quest for the
                  | Orb.
     0 | D:1      | Reached XP level 1. HP: 14/14 MP: 5/5
     0 | D:1      | magus.rc [v1.11.3]
    13 | D:1      | Reached skill level 1 in Conjurations
    77 | D:1      | Reached skill level 3 in Fire Magic
    77 | D:1      | Reached XP level 2. HP: 20/20 MP: 4/7
    80 | D:1      | Learned a level 2 spell: Scorch
   101 | D:1      | Reached skill level 2 in Spellcasting
   384 | D:1      | Found Vonury's Distillery.
   519 | D:1      | You pick up a book of Dangerous Friends and begin
                  | reading...
   519 | D:1      | You add the spells Summon Guardian Golem, Orb of
                  | Destruction and Spellforged Servitor to your library.
   798 | D:1      | Reached XP level 3. HP: 26/26 MP: 8/8
   886 | D:2      | Reached skill level 2 in Conjurations
   997 | D:2      | Noticed Terence
  1496 | D:2      | Killed Terence
  1497 | D:2      | Reached XP level 4. HP: 33/33 MP: 4/10
  1921 | D:3      | Noticed Jessica
  1926 | D:3      | Killed Jessica
  1992 | D:3      | Reached XP level 5. HP: 38/38 MP: 5/11
  2023 | D:3      | Reached skill level 3 in Conjurations
  2163 | D:3      | Reached skill level 4 in Fire Magic
  2669 | D:3      | Found a runed translucent gate.
  2670 | D:3      | Found a runed translucent gate.
  2671 | D:3      | Found a runed translucent gate.
  2671 | D:3      | Noticed Flippered's ghost (amateur HOFi)
  3116 | D:3      | HP: 9/38 [giant cockroach (1)]
  3752 | D:4      | Learned a level 3 spell: Conjure Flame
  3756 | D:4      | Learned a level 3 spell: Inner Flame
  3767 | D:4      | Noticed Duvessa
  3767 | D:4      | Noticed Dowan
  3788 | D:4      | Killed Duvessa
  3789 | D:4      | Reached skill level 3 in Spellcasting
  3789 | D:4      | Reached XP level 6. HP: 19/45 MP: 4/13
  4095 | D:4      | HP: 5/45 [Dowan/stone arrow (15)]
  4095 | D:4      | HP: 1/45 [Dowan/+0 dagger (4)]
  4096 | D:4      | Slain by Dowan

Vanquished Creatures
  Duvessa (D:4)
  A hound (D:4)
  Jessica (D:3)
  Terence (D:2)
  2 iguanas (D:4)
  3 adders
  5 gnolls
  A worm (D:4)
  A dart slug (D:1)
  An orc (D:4)
  12 ball pythons
  9 bats
  3 endoplasms
  2 giant cockroaches (D:3)
  10 goblins
  6 hobgoblins
  8 jackals (D:3)
  7 kobolds
  2 quokkas
  4 frilled lizards
  3 rats
83 creatures vanquished.

Vanquished Creatures (others)
  262 foxfires
  11 plants (D:1)
273 creatures vanquished.

Grand Total: 356 creatures vanquished

Table legend:
 A = Non-vault XP
 B = Vault XP
 C = Vault XP percentage of total XP
 D = Non-vault monster count
 E = Vault monster count
 F = Vault count percentage of total count
                 A         B        C        D         E       F
            +---------+---------+-------+---------+---------+-------
      Total |     336 |     229 |  40.5 |      79 |       4 |   4.8
            +---------+---------+-------+---------+---------+-------
        D:1 |      34 |      14 |  29.2 |      18 |       1 |   5.3
        D:2 |      53 |      36 |  40.4 |      17 |       1 |   5.6
        D:3 |      99 |      37 |  27.2 |      27 |       1 |   3.6
        D:4 |     150 |     142 |  48.6 |      17 |       1 |   5.6
            +---------+---------+-------+---------+---------+-------

Illustrated notes

Table legend:
 A = Kills in this place as a percentage of kills in entire the game.
 B = Kills by you in this place as a percentage of kills by you in the entire game.
 C = Kills by friends in this place as a percentage of kills by friends in the entire game.
 D = Other kills in this place as a percentage of other kills in the entire game.
 E = Experience gained in this place as a percentage of experience gained in the entire game.
 F = Experience gained in this place divided by the number of levels of this place that you have seen.
                   A       B       C       D       E      F
               +-------+-------+-------+-------+-------+----------------------
         Total | 100.0 | 100.0 |   N/A |   N/A | 100.0 | 141.2
       Dungeon | 100.0 | 100.0 |   N/A |   N/A | 100.0 | 141.2
               +-------+-------+-------+-------+-------+----------------------

Table legend: (Time is in decaauts)
 A = Elapsed time spent in this place.
 B = Non-inter-level travel time spent in this place.
 C = Inter-level travel time spent in this place.
 D = Time resting spent in this place.
 E = Time spent auto-exploring this place.
 F = Levels seen in this place.
 G = Mean time per level.
                   A        B        C        D        E       F      G
               +--------+--------+--------+--------+--------+-----+--------+
         Total |   4097 |   4050 |     47 |    528 |   2912 |   4 | 1024.2 |
       Dungeon |   4097 |   4050 |     47 |    528 |   2912 |   4 | 1024.2 |
               +--------+--------+--------+--------+--------+-----+--------+

Top non-repeatable levels by time:
     D:3: 1623 daAuts
     D:2: 970 daAuts
     D:1: 805 daAuts
     D:4: 697 daAuts
